 Dungeon Crawl Stone Soup version 0.32-a0-422-g28b100f618 (webtiles) character file.

Game seed: 13471524949733536563

132151 Zeldest the Severer (level 16, -1/148 (151) HPs)
             Began as a Mountain Dwarf Fighter on Feb 21, 2024.
             Was a High Priest of Yredelemnul.
             Slain by a profane servitor
             ... wielding a +3 demon whip of pain
              (5 damage)
             ... on level 3 of the Abyss.
             The game lasted 00:42:18 (21985 turns).

Zeldest the Severer (Mountain Dwarf Fighter)       Turns: 21985, Time: 00:42:19

HP:   -1/148 (151)  AC: 34    Str: 24    XL:     16   Next: 56%
MP:   15/28         EV:  7    Int: 12    God:    Yredelemnul [*****.]
Gold: 333           SH: 15    Dex:  7    Spells: 15/15 levels left

rFire   . . .        a - +9 broad axe (elec)
rCold   + . .        R - +5 Storm Queen's Shield {shock, Fly rElec}
rNeg    . . .        c - +0 plate armour
rPois   .            U - +1 helmet
rElec   +            E - +0 cloak
rCorr   .            i - +2 pair of gloves
SInv    +            y - +2 pair of boots
Will    +....        J - amulet of regeneration Stlth
                     P - ring of see invisible
HPRegen 0.00/turn    W - ring "Renuomywe" {rC+ AC+4 Dex-2 Slay+4}
MPRegen 0.21/turn

%: no passive effects
@: mighty, sick, enshackling, flying, hasted, studying Ice Magic, lightly
drained, very quick
A: runic magic, artefact enchanting
a: Renounce Religion, Light the Black Torch, Recall Undead Harvest, Hurl
Torchlight, Bind Soul, Fathomless Shackles


You were on level 3 of the Abyss.
You worshipped Yredelemnul.
Yredelemnul was most pleased with you.
You visited 4 branches of the dungeon, and saw 25 of its levels.
You visited the Abyss 1 time.
You also visited: Ice Cave.

You collected 2305 gold pieces.
You spent 1972 gold pieces at shops.

Inventory:

Hand Weapons
 a - a +9 broad axe of electrocution (weapon)
 b - the +9 morningstar of Amorality {speed, *Corrode rElec rN+}
   (You found it on level 1 of the Lair of Beasts)

   rElec:     It insulates you from electricity.
   rN+:       It protects you from negative energy.
   *Corrode:  It may corrode you when you take damage.
Missiles
 x - 4 throwing nets (quivered)
Armour
 c - a +0 plate armour (worn)
 i - a +2 pair of gloves (worn)
 y - a +2 pair of boots (worn)
 E - a +0 cloak (worn)
 R - the +5 Storm Queen's Shield (worn) {shock, Fly rElec}
   (You found it on level 5 of the Lair of Beasts)

   Shock:     When it blocks an attack, it may electrocute the attacker.
   This works even against foes who are a short distance away.
   rElec:     It insulates you from electricity.
   Fly:       It grants you flight.
 U - a +1 helmet (worn)
Jewellery
 z - a +4 ring of protection
 H - a ring of flight
 J - an amulet of regeneration (around neck)
 L - a ring of resist corrosion
 P - a ring of see invisible (left hand)
 W - the ring "Renuomywe" (right hand) {rC+ AC+4 Dex-2 Slay+4}
   (You bought it in a shop on level 1 of the Shoals)

   [ring of protection]

   AC+4:      It affects your AC (+4).
   Dex-2:     It affects your dexterity (-2).
   Slay+4:    It affects your accuracy & damage with ranged weapons and melee
   (+4).
   rC+:       It protects you from cold.
Wands
 d - a wand of light (3)
 q - a wand of iceblast (7)
 v - a wand of flame (25)
 D - a wand of mindburst (18)
 F - a wand of polymorph (26)
Scrolls
 e - 2 scrolls of brand weapon
 f - a scroll of enchant weapon
 j - 11 scrolls of identify
 k - 3 scrolls of amnesia
 l - 5 scrolls of fog
 m - 6 scrolls of vulnerability
 n - 5 scrolls of enchant armour
 p - 2 scrolls of fear
 t - 2 scrolls of immolation
 A - 6 scrolls of revelation
 C - a scroll of poison
 I - 8 scrolls of teleportation
 M - 4 scrolls of blinking
Potions
 g - 5 potions of lignification
 h - 2 potions of attraction
 o - 11 potions of curing
 s - 2 potions of cancellation
 u - 2 potions of magic
 w - 4 potions of mutation
 B - 2 potions of ambrosia
 G - 2 potions of enlightenment
 N - 2 potions of heal wounds
 O - 3 potions of brilliance
 S - a potion of invisibility
 V - 4 potions of haste
Miscellaneous
 K - a phantom mirror (inert)
 Q - a box of beasts (inert)


   Skills:
 + Level 16.0 Fighting
 - Level 18.3 Axes
 - Level 18.0 Armour
 + Level 11.6 Shields
 + Level 17.8 Invocations
 + Level 5.4 Evocations


You had 15 spell levels left.
You didn't know any spells.
Your spell library contained the following spells:

 Spells                   Type           Power      Damage    Failure   Level
 Apportation              Tloc           0%         N/A       65%         1
 Foxfire                  Conj/Fire      0%         2x1d4     65%         1
 Freeze                   Ice            0%         1d3       65%         1
 Necrotise                Necr           0%         1d4       65%         1
 Shock                    Conj/Air       0%         1d3       65%         1
 Slow                     Hex            0%         N/A       65%         1
 Sting                    Conj/Alch      0%         1d3       65%         1
 Summon Small Mammal      Summ           0%         N/A       65%         1
 Call Imp                 Summ           0%         N/A       78%         2
 Mercury Vapours          Alch/Air       0%         N/A       78%         2
 Sublimation of Blood     Necr           0%         N/A       78%         2
 Call Canine Familiar     Summ           0%         N/A       95%         3
 Confusing Touch          Hex            0%         N/A       95%         3
 Frozen Ramparts          Ice            0%         1d1       95%         3
 Hailstorm                Conj/Ice       0%         3d5       95%         3
 Sigil of Binding         Hex            0%         N/A       95%         3
 Summon Ice Beast         Ice/Summ       0%         N/A       95%         3
 Swiftness                Air            0%         N/A       95%         3
 Vampiric Draining        Necr           0%         2d6       95%         3
 Airstrike                Air            0%         2d(0-16)  100%        4
 Dimensional Bullseye     Hex/Tloc       0%         N/A       100%        4
 Martyr's Knell           Necr/Summ      0%         N/A       100%        4
 Olgreb's Toxic Radiance  Alch           0%         N/A       100%        4
 Vhi's Electric Charge    Tloc/Air       0%         N/A       100%        4
 Arcjolt                  Conj/Air       0%         1d10      100%        5
 Curse of Agony           Necr           0%         N/A       100%        5
 Summon Mana Viper        Hex/Summ       0%         N/A       100%        5
 Plasma Beam              Fire/Air       0%         2x1d10    100%        6
 Sculpt Simulacrum        Ice/Alch       0%         N/A       100%        6
 Starburst                Conj/Fire      0%         6d3       100%        6
 Monstrous Menagerie      Summ           0%         N/A       100%        7
 Ozocubu's Refrigeration  Ice            0%         4d7       100%        7
 Summon Hydra             Summ           0%         N/A       100%        7
 Polar Vortex             Ice            0%         N/A       100%        9


Dungeon Overview and Level Annotations

Branches:
Dungeon (15/15) Zot: 26117  Temple (0/1) D:7            Lair (5/5) D:10 Zot: 24747
 Shoals (3/4) Lair:2 Zot: 16363  Spider (0/4) Lair:3        Slime (0/5) Lair:5
    Orc (2/2) D:10 Zot: 10752     Elf (0/3) Orc:2        Vaults (0/5) D:13
 Depths (0/4) D:15          IceCv (visited)

Altars:
Elyvilon
Fedhas
Okawaru
Sif Muna
Vehumet
Yredelemnul
Zin
Beogh
Jiyva

Shops:
D:6 [   D:8 *   D:10 =   Orc:2 ?[   Shoals:1 =:![

Annotations:
D:7 2 transporters, SevenDeadlySins's ghost, novice MDFi
Lair:3 3 runed translucent doors, Sitazake's ghost, journeyman TrWr
Shoals:2 3 runed translucent doors, Mungiw's ghost, adept MiBe
Shoals:3 Louise


Innate Abilities, Weirdness & Mutations

Your spellcasting is much less encumbered by armour.
You can use scrolls of enchantment on lesser artefacts.


Message History

The profane servitor resists.
The profane servitor hits you but does no damage.
You writhe in agony!
* * * LOW HITPOINT WARNING * * *
The daeva calls down the wrath of the Shining One upon you.
The Shining One smites you!
* * * LOW HITPOINT WARNING * * *
You feel much better.
The profane servitor hits you with a +3 demon whip of pain.
The profane servitor draws strength from your injuries!
You writhe in agony.
The profane servitor hits you but does no damage.
You barely miss the daeva.
The daeva is lightly wounded.
You slash the profane servitor!
You block the profane servitor's attack.
The profane servitor hits you but does no damage.
You writhe in agony.
You block the daeva's attack.
The daeva hits you with a +5 scimitar of holy wrath!
* * * LOW HITPOINT WARNING * * *
You feel very mighty all of a sudden.
You block the profane servitor's attack. x2
Your shield discharges, shocking the profane servitor!
The profane servitor resists.
You carve the daeva like a ham!!!
The daeva is heavily wounded.
You slash the profane servitor!
The daeva calls down the wrath of the Shining One upon you.
The Shining One smites you!
* * * LOW HITPOINT WARNING * * *
The profane servitor hits you with a +3 demon whip of pain!
* * * LOW HITPOINT WARNING * * *
The profane servitor draws strength from your injuries!
You writhe in agony.
* * * LOW HITPOINT WARNING * * *
The profane servitor hits you with a +3 demon whip of pain!
* * * LOW HITPOINT WARNING * * *
You feel drained.
You die...
Your body rises from the dead as a mindless zombie.

## .. .##.#
#.. #..#
.#...##....
...# ....#.
## #...#.
.# .# #.
..... ##
#... ..#.#
#.. ##..##
####A....#
#..@A..###
##.#####
#.# #. #
#...# # ###
.. . #.# .
##.#..


You could see a profane servitor (bound) and a daeva (soul-gripped, bound).

Vanquished Creatures
  A lich (Abyss:3)
  A kraken (Shoals:1)
  A frost giant (Shoals:1)
  A stone giant (Shoals:1)
  A dire elephant (Lair:5)
  2 merfolk javelineers
  3 merfolk impalers
  3 hydras
  An ogre mage (D:15)
  2 merfolk avatars
  5 centaur warriors
  A satyr (Shoals:1)
  4 boulder beetles
  10 two-headed ogres
  6 death yaks
  A deep troll earth mage (D:15)
  A tengu warrior (D:15)
  A skeletal warrior (D:15)
  6 skysharks
  2 sea snakes
  A bog body (IceCv)
  4 orc knights
  2 phantasmal warriors (D:15)
  4 ugly things (D:14)
  10 cyclopes
  6 manticores
  4 orc sorcerers
  A faun (Shoals:1)
  5 elephants
  A meliai (shapeshifter) (D:15)
  A kobold blastminer (Orc:2)
  An apocalypse crab (Abyss:3)
  A black mamba (Lair:1)
  A water nymph (Shoals:2)
  2 merfolk sirens (Shoals:1)
  5 cane toads
  A gargoyle (D:12)
  An unseen horror (Abyss:3)
  Maggie (D:10)
  An orange demon (D:8)
  A tengu conjurer (D:15)
  2 yaktaurs
  An ancient zyme (Abyss:3)
  3 kobold demonologists
  3 anaconda simulacra (IceCv)
  5 ice devils (IceCv)
  6 komodo dragons
  14 merfolk
  A wind drake (Lair:5)
  3 trolls
  3 snapping turtles
  3 hornets
  16 blink frogs
  11 slime creatures
  Sigmund (D:5)
  A centaur simulacrum (D:15)
  2 jumping spiders (Lair:3)
  A culicivora (Lair:3)
  2 shadows
  2 dire elephant simulacra (IceCv)
  A wraith (D:11)
  3 wyverns
  3 water elementals
  A human (shapeshifter) (D:14)
  41 yaks
  A basilisk (shapeshifter) (D:14)
  5 wargs
  A basilisk (Lair:2)
  2 redbacks (Lair:3)
  9 vampire mosquitoes
  A steam dragon (Lair:1)
  4 harpy simulacra (IceCv)
  2 acid dragons (D:12)
  9 water moccasins
  Duvessa (D:5)
  17 orc warriors
  2 black bears
  4 ogres
  3 sky beasts (D:13)
  A laughing skull (D:15)
  2 boggarts
  13 centaurs
  14 wolves
  A phantom (D:5)
  3 kobold brigands (D:12)
  Blork the orc (D:5)
  8 bullfrogs
  3 gnoll sergeants
  A scorpion (D:7)
  6 wights (D:9)
  Dowan (D:5)
  3 howler monkeys
  A bombardier beetle (D:7)
  A hound (D:6)
  A sleepcap (D:6)
  Crazy Yiuf (D:6)
  2 jellies
  3 orc priests
  3 iguanas
  18 orc wizards
  A troll simulacrum (IceCv)
  Ijyb (D:5)
  9 gnolls
  5 adders
  An ufetubus (D:6)
  3 ribbon worms
  5 dart slugs
  76 orcs
  14 endoplasms
  4 giant cockroaches
  5 goblins
  5 hobgoblins
  4 jackals (D:2)
  13 kobolds
  4 quokkas
  13 ball pythons
  2 bats (D:1)
  3 frilled lizards
  8 rats
  2 tentacles (Shoals:1)
562 creatures vanquished.

Vanquished Creatures (collateral kills)
  Polyphemus (Shoals:2)
  Gastronok (Lair:3)
  An orc warlord (Orc:2)
  A fire dragon (D:14)
  A hydra (Lair:2)
  2 catoblepae
  2 centaur warriors
  An ogre mage (D:13)
  A merfolk avatar (Shoals:1)
  A death knight (D:15)
  4 boulder beetles
  4 two-headed ogres
  3 death yaks
  Amaemon (D:8)
  Nergalle (Lair:3)
  4 skysharks
  2 sea snakes (Shoals:1)
  A necromancer (IceCv)
  An orc sorcerer (Orc:1)
  2 ugly things (D:14)
  A deep elf pyromancer (D:13)
  4 cyclopes
  A wolf spider (D:14)
  2 merfolk sirens (Shoals:1)
  2 manticores
  3 fauns (Shoals:1)
  A black mamba (Lair:1)
  A kobold blastminer (Orc:2)
  2 ice statues (IceCv)
  4 elephants
  A gargoyle (D:12)
  5 cane toads
  A rime drake (shapeshifter) (D:14)
  2 rime drakes
  6 komodo dragons
  An anaconda simulacrum (IceCv)
  An ice devil (IceCv)
  6 merfolk
  2 polar bears
  2 wind drakes (Shoals:1)
  6 blink frogs
  2 hornets (Lair:5)
  A snapping turtle (Lair:2)
  5 slime creatures (D:15)
  An air elemental (D:13)
  2 jumping spiders (Lair:3)
  A wraith (D:11)
  2 water elementals
  6 wyverns
  A culicivora (Lair:3)
  A golden eye (Abyss:3)
  5 basilisks
  13 yaks
  A vampire mosquito (D:13)
  A warg (Orc:2)
  4 water moccasins
  2 ice beasts
  5 orc warriors
  5 wolves
  2 centaurs
  3 ogres
  A gnoll sergeant (D:8)
  A scorpion (D:7)
  2 wights (D:9)
  3 howler monkeys (D:9)
  2 bombardier beetles
  A hound (D:6)
  2 orc priests
  2 jellies (Lair:5)
  6 orc wizards
  A troll simulacrum (IceCv)
  2 polar bear simulacra (IceCv)
  A wolf simulacrum (IceCv)
  8 gnolls
  A white imp (IceCv)
  An ufetubus (D:6)
  28 orcs
  A hobgoblin (D:3)
  A ball python (D:3)
216 creatures vanquished.

Vanquished Creatures (others)
  An orc warlord (Orc:2)
  2 ugly thing zombies (D:14)
  A death yak zombie (Lair:3)
  A spectral orc (Orc:2)
  A hydra zombie (Lair:5)
  A black mamba zombie (Lair:1)
  A jumping spider zombie (Lair:3)
  2 merfolk zombies
  A skyshark zombie (Shoals:2)
  A cane toad zombie (Lair:5)
  An orc warrior (Orc:2)
  An elephant zombie (Lair:3)
  A hornet zombie (Lair:5)
  3 blink frog zombies (Lair:5)
  A boggart (D:7)
  A yaktaur zombie (D:14)
  2 kobold zombies
  A komodo dragon zombie (Lair:5)
  A cyclops zombie (Orc:2)
  5 wyvern zombies
  A polar bear zombie (Lair:3)
  4 yak zombies
  2 wolf zombies
  4 centaur zombies
  A black bear zombie (D:6)
  2 orc priests
  3 boggart zombies
  An orc wizard (Orc:2)
  A scorpion zombie (D:7)
  An ice beast zombie (D:7)
  An ogre zombie (Orc:2)
  2 howler monkey zombies
  A jelly zombie (Lair:5)
  53 orc zombies
  2 gnoll zombies
  A bombardier beetle zombie (D:7)
  13 tentacles (Shoals:1)
122 creatures vanquished.

Grand Total: 900 creatures vanquished

Notes
Turn   | Place    | Note
-------+----------+-------------------------------------------
     0 | D:1      | Zeldest the Mountain Dwarf Fighter began the quest for the
                  | Orb.
     0 | D:1      | Reached XP level 1. HP: 19/19 MP: 1/1
   142 | D:1      | Reached XP level 2. HP: 19/26 MP: 2/2
   226 | D:1      | Reached XP level 3. HP: 31/31 MP: 3/3
  1105 | D:2      | Reached XP level 4. HP: 39/40 MP: 4/4
  1759 | D:3      | You fall into a shaft and drop 3 floors!
  1772 | D:5      | Entered Level 5 of the Dungeon
  1782 | D:5      | Noticed Ijyb
  1796 | D:5      | Killed Ijyb
  1797 | D:5      | Reached XP level 5. HP: 7/46 MP: 5/5
  1946 | D:5      | Found a radiant altar of Vehumet.
  2028 | D:5      | Noticed Sigmund
  2046 | D:5      | Killed Sigmund
  2047 | D:5      | Reached skill level 5 in Axes
  2047 | D:5      | Reached XP level 6. HP: 37/53 MP: 6/6
  2278 | D:4      | Reached XP level 7. HP: 54/60 MP: 7/7
  2452 | D:4      | Reached skill level 5 in Fighting
  2452 | D:4      | Reached skill level 5 in Armour
  2452 | D:4      | Reached skill level 5 in Shields
  2839 | D:4      | Found a basalt altar of Yredelemnul.
  2839 | D:4      | Found a blossoming altar of Fedhas.
  2923 | D:4      | Became a worshipper of Yredelemnul the Fallen
  3117 | D:3      | Found a glowing silver altar of Zin.
  3490 | D:5      | Noticed Duvessa
  3491 | D:5      | Noticed Dowan
  3499 | D:5      | Killed Duvessa
  3500 | D:5      | Reached skill level 1 in Invocations
  3508 | D:5      | Killed Dowan
  3798 | D:5      | Noticed Blork the orc
  3806 | D:5      | Killed Blork the orc
  3807 | D:5      | Reached XP level 8. HP: 58/69 MP: 9/9
  3898 | D:5      | Found an iron altar of Okawaru.
  4204 | D:6      | Reached * piety under Yredelemnul
  4239 | D:6      | Noticed a hornet
  4242 | D:6      | Paralysed by a hornet for 1 turns
  4258 | D:6      | Killed a hornet
  4550 | D:6      | Found Odethraiv's Antique Armour Boutique.
  4555 | D:6      | Reached XP level 9. HP: 78/78 MP: 12/12
  4559 | D:6      | Bought a dazzling leather armour for 161 gold pieces
  4559 | D:6      | Identified the +0 leather armour of Agnosticism {Dex+2}
                  | (You bought it in a shop on level 6 of the Dungeon)
  4681 | D:6      | Found a shimmering blue altar of Sif Muna.
  4835 | D:6      | Found a runed translucent door.
  4835 | D:6      | Noticed Crazy Yiuf
  4846 | D:6      | Killed Crazy Yiuf
  5016 | D:7      | Reached skill level 5 in Invocations
  5146 | D:7      | Found a transporter.
  5149 | D:7      | Noticed SevenDeadlySins's ghost (novice MDFi)
  5169 | D:7      | Found a transporter.
  5278 | D:7      | Found a staircase to the Ecumenical Temple.
  5369 | D:7      | Reached skill level 10 in Axes
  5537 | D:7      | Noticed a two-headed ogre
  5611 | D:7      | Killed a two-headed ogre
  5730 | D:7      | Noticed a two-headed ogre
  5744 | D:7      | Killed a two-headed ogre
  5745 | D:7      | Reached XP level 10. HP: 19/88 MP: 13/15
  6082 | D:8      | Reached skill level 10 in Armour
  6095 | D:8      | Found Golluc's General Store.
  6125 | D:8      | Noticed Amaemon
  6126 | D:8      | Noticed an orange demon
  6138 | D:8      | Killed an orange demon
  6138 | D:8      | Reached ** piety under Yredelemnul
  6142 | D:8      | HP: 2/88 [wyvern (7)]
  6154 | D:8      | Killed Amaemon
  6686 | D:8      | Paralysed by a hornet for 2 turns
  7681 | D:9      | Identified the staff of Qazlal's Anger {*Corrode Str+2
                  | Stlth+ Earth}
  7768 | D:9      | Reached XP level 11. HP: 94/97 MP: 17/17
  7898 | D:9      | Noticed a two-headed ogre
  7929 | D:9      | Killed a two-headed ogre
  8325 | D:10     | Entered Level 10 of the Dungeon
  8354 | D:10     | Found a staircase to the Orcish Mines.
  8361 | D:10     | Reached *** piety under Yredelemnul
  8519 | D:10     | Found Geziq's Jewellery Shoppe.
  8527 | D:10     | Noticed a two-headed ogre
  8535 | D:10     | Killed a two-headed ogre
  8615 | D:10     | Found a roughly hewn altar of Beogh.
  8643 | D:10     | Reached **** piety under Yredelemnul
  8776 | D:10     | Found a staircase to the Lair.
  8990 | D:10     | Noticed Maggie
  9004 | D:10     | Killed Maggie
  9351 | Orc:1    | Entered Level 1 of the Orcish Mines
  9351 | Orc:1    | Noticed an orc sorcerer
  9353 | Orc:1    | Paralysed by an orc sorcerer for 4 turns
  9362 | Orc:1    | Killed an orc sorcerer
  9363 | Orc:1    | Reached skill level 10 in Invocations
  9485 | Orc:2    | Entered Level 2 of the Orcish Mines
  9487 | Orc:2    | Noticed an orc sorcerer
  9498 | Orc:1    | Reached skill level 10 in Fighting
  9699 | Orc:2    | Killed an orc sorcerer
  9699 | Orc:2    | Bound an orc sorcerer
  9709 | Orc:2    | Found a staircase to the Elven Halls.
  9710 | Orc:2    | Noticed an orc warlord
  9725 | Orc:2    | Killed an orc warlord
  9739 | Orc:2    | Reached XP level 12. HP: 100/106 MP: 19/19
  9816 | Orc:2    | Reached skill level 15 in Axes
  9994 | Orc:2    | Found a shimmering blue altar of Sif Muna.
 10073 | Orc:2    | Found Miomasig's Armour Shop.
 10083 | Orc:2    | Noticed an orc warlord
 10109 | Orc:2    | Reached ***** piety under Yredelemnul
 10114 | Orc:2    | Killed an orc warlord
 10506 | Orc:2    | Found Buehizil's Magic Scroll Shop.
 10519 | Orc:2    | Noticed an orc high priest
 10662 | D:8      | Bought a +6 broad axe of electrocution for 546 gold pieces
 10740 | Lair:1   | Entered Level 1 of the Lair of Beasts
 10740 | Lair:1   | Noticed a catoblepas
 10748 | Lair:1   | Killed a catoblepas
 10759 | Lair:1   | Identified the +9 morningstar of Amorality {speed, *Corrode
                  | rElec rN+}
 10994 | Lair:1   | Found a white marble altar of Elyvilon.
 11839 | Lair:2   | Identified the +4 whip of Causality {elec, *Rage rElec
                  | Will+ Dex+4}
 12038 | Lair:2   | Found a staircase to the Shoals.
 12044 | Lair:2   | Reached skill level 15 in Armour
 12133 | Lair:2   | Reached XP level 13. HP: 112/116 MP: 22/22
 12609 | Lair:3   | Noticed Gastronok
 12630 | Lair:3   | Killed Gastronok
 13016 | Lair:3   | Noticed Nergalle
 13019 | Lair:3   | Reached ****** piety under Yredelemnul
 13028 | Lair:3   | Killed Nergalle
 13426 | Lair:3   | Found a hole to the Spider Nest.
 13518 | Lair:3   | Noticed a minotaur
 13518 | Lair:3   | Noticed Sitazake's ghost (journeyman TrWr)
 13626 | Lair:3   | Found a runed translucent gate.
 13626 | Lair:3   | Found a runed translucent gate.
 13626 | Lair:3   | Found a runed translucent gate.
 14771 | Lair:5   | Entered Level 5 of the Lair of Beasts
 15028 | Lair:5   | Reached XP level 14. HP: 122/127 MP: 24/24
 15118 | Lair:5   | Found the +5 Storm Queen's Shield {shock, Fly rElec}
 15301 | Lair:5   | Noticed Urug
 15318 | Lair:5   | Killed Urug
 15318 | Lair:5   | Bound Urug
 15505 | Lair:5   | Found a viscous altar of Jiyva.
 15508 | Lair:5   | Found a staircase to the Slime Pits.
 16855 | D:12     | Found a frozen archway.
 17052 | D:12     | Reached skill level 15 in Invocations
 17125 | IceCv    | Entered an ice cave
 17821 | D:13     | Paralysed by an air elemental for 1 turns
 17822 | D:13     | Reached XP level 15. HP: 132/137 MP: 26/26
 17858 | D:13     | Found a gate to the Vaults.
 19206 | D:15     | Entered Level 15 of the Dungeon
 19325 | D:15     | Found a staircase to the Depths.
 19437 | D:15     | Reached skill level 10 in Shields
 19451 | D:15     | Reached skill level 15 in Fighting
 19707 | D:15     | Identified the +6 war axe of the Onslaught {freeze, Str+3}
 20175 | Shoals:1 | Entered Level 1 of the Shoals
 20180 | Shoals:1 | Found Hegafaipru's Jewellery Boutique.
 20201 | Shoals:1 | Reached skill level 1 in Evocations
 20313 | Shoals:1 | Found Arepamu's Book Shop.
 20348 | Shoals:1 | Bought the ring "Renuomywe" {rC+ AC+4 Dex-2 Slay+4} for
                  | 1189 gold pieces
 20493 | Shoals:1 | Noticed a kraken
 20502 | Shoals:1 | Killed a kraken
 20503 | Shoals:1 | Reached XP level 16. HP: 138/149 MP: 28/28
 20547 | Shoals:1 | Found Ynluenyf's Book Emporium.
 20585 | Shoals:1 | Found Diah's Antique Armour Shoppe.
 20623 | Shoals:1 | Found Lunkoan's Distillery.
 20628 | Shoals:1 | Bought a potion of might for 76 gold pieces
 21178 | Shoals:2 | Found a runed translucent gate.
 21178 | Shoals:2 | Found a runed translucent gate.
 21178 | Shoals:2 | Found a runed translucent gate.
 21189 | Shoals:2 | Noticed Mungiw's ghost (adept MiBe)
 21257 | Shoals:2 | Noticed Polyphemus
 21278 | Shoals:2 | Killed Polyphemus
 21279 | Shoals:2 | Reached skill level 5 in Evocations
 21840 | Shoals:3 | Noticed Louise
 21843 | Abyss:3  | Cast into level 3 of the Abyss (Louise)
 21895 | Abyss:3  | Noticed a lich
 21921 | Abyss:3  | Killed a lich
 21968 | Abyss:3  | Noticed a profane servitor
 21985 | Abyss:3  | HP: 4/151 [profane servitor/+3 demon whip of pain (12)]
 21985 | Abyss:3  | Slain by a profane servitor

Illustrated notes

Levels and vault maps discovered:
D:1:      zelgadis_glass_arrival_small, layout_basic, minivault_24
D:2:      layout_loops_ring, nicolae_figureground_sparkle
D:3:      minmay_razor_zed, layout_basic, zin_statuary, minmay_misc_feat_chi
D:4:      layout_gridville, grunt_temple_overflow_open
D:5:      layout_gridville, vehumet_altar_wand_db, okawaru_metal_pillars_1_2,
          uniq_ijyb, uniq_blork_the_orc, uniq_duvessa, uniq_sigmund
D:6:      layout_rooms, nicolae_overflow_crystal_walls, serial_shops, shop,
          uniq_crazy_yiuf_cottage
D:7:      layout_basic, minmay_temple_entry_wispy, gammafunk_ghost_arena,
          corexii_checkpoint, chequers_arboretum, nicolae_phantomly_mirrored
D:8:      layout_layer_cave, serial_shops, shop, uniq_amaemon
D:9:      layout_long_grid
D:10:     layout_small_grid, erik_lair_orcish_takeover, hiddenorc2_lemuel,
          serial_shops, shop, special_room [special_room_orc],
          mrwooster_statue_mirror, uniq_maggie
D:11:     layout_gridville
D:12:     layout_small_grid, portal_ice_cave_entry_pillars_2
D:13:     layout_basic, david_vaults_2, dreamdust_looks_like_rain
D:14:     layout_irregular_city, chequers_serial_rivers_micro_e,
          nicolae_doodle_vault
D:15:     hellmonk_depths_entry_around_the_bend, layout_long_grid,
          chequers_avenue
Lair:1:   layout_regular_city, basic_altar, st_stairs_6
Lair:2:   layout_cave_pods, minmay_shoals_entry_hut, minivault_25,
          infiniplex_staircase_pool
Lair:3:   layout_loops_ring, nicolae_spider_entry_tight_spaces,
          maelrawn_ghost_gauntlet_escape, uniq_nergalle, uniq_gastronok
Lair:4:   layout_cave_pods, serial_rivers, chequers_serial_rivers_small_a,
          chequers_serial_rivers_micro_c, chequers_serial_rivers_small_b,
          chequers_serial_rivers_micro_e, chequers_serial_rivers_large_a
Lair:5:   gammafunk_lair_ancient_temple, layout_regular_city,
          minmay_slime_entry_pillars, uniq_urug
Shoals:1: layout_shoals, serial_shops, nicolae_book_shop_shelving,
          nicolae_shop_rolling_square, shop, nicolae_shop_advertising_works
          [nicolae_subvault_shop_adworks], shop, st_shoals_ruin
Shoals:2: layout_shoals, gammafunk_ghost_tricky_traps, uniq_polyphemus
Shoals:3: layout_shoals, nicolae_shoals_beach_house_on_fowls_legs, uniq_louise
Orc:1:    minmay_goldmine, layout_caves, regret_index_minedec_devilstone
Orc:2:    st_orc_elflike, layout_caves, serial_shops, shop,
          kennysheep_orc_sif_temple
Abyss:3:  base: Spider:3, evilmike_abyss_exit_5, evilmike_abyss_exit_5,
          hangedman_abyss_or_decor_jellyfish_corner

Skill      XL: |  1  2  3  4  5  6  7  8  9 10 11 12 13 14 15 16 |
---------------+-------------------------------------------------+-----
Axes           | 3 4 5 6 7 9 11 13 14 16 18 | 18.3
Armour         | 4 6 7 9 11 13 15 16 17 18 | 18.0
Shields        | 4 5 8 10 11 | 11.6
Fighting       | 4 5 6 7 9 10 11 12 13 15 16 | 16.0
Invocations    | 2 4 6 8 10 12 13 15 16 17 | 17.8
Evocations     | 1 5 |  5.4

Action                     |  1- 3 |  4- 6 |  7- 9 | 10-12 | 13-15 | 16-18 || total
---------------------------+-------+-------+-------+-------+-------+-------++-------
  Melee: War axe           |    77 |   113 |   269 |   383 |       |       ||   842
         Broad axe         |       |       |       |   193 |   699 |   124 ||  1016
         Morningstar       |       |       |       |       |    19 |       ||    19
  Throw: Throwing net      |       |       |       |       |       |     1 ||     1
 Invoke: Light the Black T |       |       |     5 |     7 |    10 |     2 ||    24
         Hurl Torchlight   |       |       |       |     1 |       |       ||     1
         Bind Soul         |       |       |       |     1 |     1 |     2 ||     4
         Recall Undead Har |       |       |       |     1 |     4 |       ||     5
         Fathomless Shackl |       |       |       |       |       |     1 ||     1
  Evoke: Wand              |       |     1 |    14 |     5 |       |       ||    20
         Phantom mirror    |       |       |       |     3 |       |     1 ||     4
         Box of beasts     |       |       |       |       |       |     1 ||     1
    Use: Potion            |       |     1 |     2 |     7 |     1 |     6 ||    17
         Scroll            |       |       |       |    19 |     8 |     2 ||    29
   Stab: Invisible         |       |     1 |       |     6 |       |       ||     7
         Distracted        |       |       |     3 |     8 |    14 |     4 ||    29
         Confused          |       |       |       |     1 |       |       ||     1
 Armour: Scale mail        |    44 |    64 |   149 |       |       |       ||   257
         Chain mail        |       |       |    56 |    89 |       |       ||   145
         Plate armour      |       |       |       |   402 |   530 |   126 ||  1058
         Skin              |       |       |       |       |    11 |       ||    11
  Dodge: Dodged            |    26 |    64 |   159 |   237 |   166 |    37 ||   689
  Block: Buckler           |    26 |    31 |    80 |    19 |       |       ||   156
         Reflection        |     1 |     1 |       |       |       |       ||     2
         Kite shield       |       |       |       |   245 |   416 |   103 ||   764

Table legend: (Time is in decaauts)
 A = Elapsed time spent in this place.
 B = Non-inter-level travel time spent in this place.
 C = Inter-level travel time spent in this place.
 D = Time resting spent in this place.
 E = Time spent auto-exploring this place.
 F = Levels seen in this place.
 G = Mean time per level.
                   A        B        C        D        E       F      G
               +--------+--------+--------+--------+--------+-----+--------+
         Total |  21867 |  20597 |   1270 |   3287 |  12630 |  27 |  809.9 |
       Dungeon |  13184 |  12227 |    957 |   1731 |   7595 |  15 |  878.9 |
          Lair |   5252 |   4957 |    295 |    698 |   3449 |   5 | 1050.4 |
        Shoals |   1635 |   1619 |     16 |    173 |   1026 |   3 |  545.0 |
  Orcish Mines |   1247 |   1246 |      1 |    529 |    392 |   2 |  623.5 |
         Abyss |    135 |    135 |      0 |     43 |      4 |   1 |  135.0 |
      Ice Cave |    411 |    411 |      0 |    113 |    164 |   1 |  411.0 |
               +--------+--------+--------+--------+--------+-----+--------+

Top non-repeatable levels by time:
  Lair:3: 1429 daAuts
     D:8: 1409 daAuts
     D:5: 1289 daAuts
    D:10: 1126 daAuts
     D:9: 1033 daAuts
  Lair:5: 1032 daAuts
     D:7: 1019 daAuts
  Lair:1: 1003 daAuts
  Lair:2: 978 daAuts
     D:2: 899 daAuts
Shoals:1: 860 daAuts
     D:6: 844 daAuts
   Orc:2: 841 daAuts
    D:14: 839 daAuts
  Lair:4: 810 daAuts
